 Dungeon Crawl Stone Soup version 0.31-a0-237-g2d982f9f85 (webtiles) character file.

Game seed: 5624776027870401330

450 qw the Shooter (level 6, 0/52 HPs)
             Began as a Minotaur Hexslinger on July 11, 2023.
             Slain by an orc wizard
             ... wielding a +0 dagger
              (3 damage)
             ... on level 5 of the Dungeon.
             The game lasted 00:01:18 (2917 turns).

qw the Shooter (Minotaur Hexslinger)                Turns: 2917, Time: 00:01:18

Health: 0/52       AC:  6    Str: 10    XL:     6   Next: 74%
Magic:  6/6        EV: 11    Int: 10    God:
Gold:   211        SH:  0    Dex: 18    Spells: 6/7 levels left

rFire   . . .        Y - +0 shortbow
rCold   . . .        (shield currently unavailable)
rNeg    . . .        e - +0 ring mail
rPois   .            (helmet restricted)
rElec   +            (no cloak)
rCorr   .            a - +0 pair of gloves of Evolution {rElec Str-3 Dex+4}
SInv    .            (no boots)
Will    .....        (no amulet)
Stlth   +            (no ring)
HPRegen 0.28/turn    (no ring)
MPRegen 0.10/turn

%: no passive effects
@: no status effects
A: horns 2, retaliatory headbutt
a: no special abilities


You were on level 5 of the Dungeon.
You visited 1 branch of the dungeon, and saw 5 of its levels.

You collected 211 gold pieces.


Innate Abilities, Weirdness & Mutations

You have a pair of horns on your head.
You reflexively headbutt those who attack you in melee.


   Skills:
 - Level 4.3 Fighting
 + Level 6.9 Ranged Weapons
 - Level 1.0 Armour
 - Level 2.1 Dodging
 - Level 1.0 Spellcasting
 - Level 2.0 Hexes


You had 6 spell levels left.
You knew the following spells:

 Your Spells              Type           Power      Damage    Failure   Level
a - Slow                  Hex            16%        N/A       36%         1

Your spell library contained the following spells:

 Spells                   Type           Power      Damage    Failure   Level
 Inner Flame              Hex/Fire       2%         N/A       86%         3
 Portal Projectile        Hex/Tloc       4%         N/A       86%         3
 Cause Fear               Hex            2%         N/A       98%         4

Inventory:

Hand Weapons
 Y - a +0 shortbow (weapon)
Armour
 a - the +0 pair of gloves of Evolution (worn) {rElec Str-3 Dex+4}
   (You acquired it on level 2 of the Dungeon)

   Str:       It affects your strength (-3).
   Dex:       It affects your dexterity (+4).
   rElec:     It insulates you from electricity.
 e - a +0 ring mail (worn)
Scrolls
 g - a scroll of identify
Potions
 c - a potion of berserk rage {unknown}
 d - a potion of degeneration {unknown}
 f - a potion of attraction {unknown}
 h - a potion of curing {unknown}

Dungeon Overview and Level Annotations

Branches:
Dungeon (5/15)
 Temple: D:4-7

Altars:
Gozag
Sif Muna
Xom

Shops:
D:3 [

Annotations:
D:4 1 runed translucent door, qw's ghost, amateur GrHs


Message History

The orc wizard is heavily wounded.
The dart slug launches a dart at you. The slug dart misses you.
The orc wizard closely misses you.
You shoot an arrow. The arrow barely misses the orc wizard.
The orc wizard hits you but does no damage.
The orc barely misses you. You furiously retaliate!
You headbutt the orc. The dart slug closely misses you.
You shoot an arrow. The arrow barely misses the orc wizard.
The orc hits you but does no damage. The orc wizard barely misses you.
The dart slug launches a dart at you. The slug dart misses you.
You shoot an arrow.
The arrow closely misses the orc wizard.
The orc wizard hits you but does no damage.
The orc closely misses you. The dart slug misses you.
The orc wizard hits you but does no damage.
The orc hits you with a +0 club.
You shoot an arrow. The arrow misses the orc wizard.
The orc wizard hits you with a +0 dagger.
The orc hits you with a +0 club.
You shoot an arrow. The arrow hits the orc wizard.
The orc wizard is severely wounded.
The dart slug launches a dart at you.
The slug dart hits you but does no damage.
The orc wizard gestures wildly while chanting.
The orc wizard flickers and vanishes!
Deactivating autopickup; reactivate with Ctrl-A.
The orc barely misses you. You furiously retaliate!
You headbutt the orc!
You kill the orc!
You shoot an arrow.
The arrow hits the dart slug but does no damage.
The dart slug barely misses you. You furiously retaliate!
You headbutt the dart slug.
You hear some strange, mumbled words.
A puff of flame appears from out of thin air!
The puff of flame misses you.
You shoot an arrow. The arrow hits the dart slug!
You kill the dart slug!
Something hits you.
You die...

#...........
#..$........
#...........
...........
<.....%...
#.........
#.{)......
##@%## ..
#.#..# #...
#....#...#
#........#
###..#...##
#...##......
##....%.##.##
#........#...
#...<........


There were no monsters in sight!

Vanquished Creatures
  A black bear (D:5)
  An ogre (D:4)
  A phantom (D:4)
  A hound (D:5)
  Jessica (D:3)
  An iguana (D:4)
  Robin (D:3)
  2 adders
  2 ufetubi
  4 worms
  A dart slug (D:5)
  6 orcs
  2 ball pythons
  4 bats
  7 endoplasms
  5 giant cockroaches
  14 goblins
  4 hobgoblins
  A jackal (D:5)
  7 kobolds
  6 quokkas
  4 frilled lizards
  2 rats
78 creatures vanquished.

Notes
Turn   | Place    | Note
-------+----------+-------------------------------------------
     0 | D:1      | qw the Minotaur Hexslinger began the quest for the Orb.
     0 | D:1      | Reached XP level 1. HP: 16/16 MP: 1/1
     0 | D:1      | 0 ||| qw: Version: 0.3-a-52-g30416fa
     0 | D:1      | 0 ||| qw: Game counter: 5883
     0 | D:1      | 0 ||| qw: Melee chars always use a shield: true
     0 | D:1      | 0 ||| qw: God list: Okawaru
     0 | D:1      | 0 ||| qw: Allow faded altars: false
     0 | D:1      | 0 ||| qw: Do Orc after clearing Dungeon:15 true
     0 | D:1      | 0 ||| qw: Do second Lair branch before Depths: true
     0 | D:1      | 0 ||| qw: Lair rune preference: random
     0 | D:1      | 0 ||| qw: Goals: Normal
     0 | D:1      | 0 ||| PLANNING D:1-11
    91 | D:1      | Reached skill level 3 in Ranged Weapons
    91 | D:1      | Reached XP level 2. HP: 23/23 MP: 2/2
   440 | D:1      | 440 ||| UPGRADING to +0 ring mail.
   450 | D:1      | 450 ||| DROPPING +0 robe.
   451 | D:1      | 451 ||| READING scroll labelled ALIFO DIMAXON.
   452 | D:1      | 452 ||| READING scroll labelled FOILAN YHAE.
   553 | D:1      | 553 ||| READING scroll labelled FAISOME IRGHENO.
   554 | D:1      | 554 ||| READING scroll labelled MUHADU ANOPP.
   600 | D:1      | 600 ||| DROPPING scroll of poison.
   730 | D:2      | Reached XP level 3. HP: 29/29 MP: 3/3
   902 | D:2      | Found a shimmering altar of Xom.
   928 | D:2      | Reached skill level 4 in Ranged Weapons
  1187 | D:2      | Reached skill level 1 in Armour
  1428 | D:2      | 1428 ||| READING scroll labelled BIAQIFFUNOM.
  1428 | D:2      | Identified a scroll of acquirement
  1428 | D:2      | 1428 ||| ACQUIRING +0 pair of gloves of Evolution {rElec
                  | Str-3 Dex+4}
  1428 | D:2      | Acquired the +0 pair of gloves of Evolution {rElec Str-3
                  | Dex+4}
  1430 | D:2      | 1430 ||| UPGRADING to +0 pair of gloves of Evolution {rElec
                  | Str-3 Dex+4}.
  1435 | D:2      | 1435 ||| READING scroll labelled MORCHO JOPSU.
  1436 | D:2      | 1436 ||| READING scroll labelled RYCKUST GIYPUM.
  1437 | D:2      | 1437 ||| READING scroll labelled TUIRHAFEPA.
  1465 | D:3      | Found Cuak's Antique Armour Shoppe.
  1475 | D:3      | 1475 ||| SHOPLISTING glowing robe (92 gold, have 77).
  1475 | D:3      | 1475 ||| SHOPLISTING polished leather armour (175 gold,
                  | have 77).
  1550 | D:3      | 1550 ||| SWAPPING to +0 shortbow.
  1554 | D:3      | 1554 ||| DROPPING +1 sling of flaming.
  1677 | D:3      | Reached XP level 4. HP: 36/36 MP: 4/4
  1829 | D:3      | Found a shimmering blue altar of Sif Muna.
  1907 | D:3      | Noticed Jessica
  1911 | D:3      | Killed Jessica
  1963 | D:3      | Noticed Robin
  1970 | D:3      | Killed Robin
  1971 | D:3      | Reached skill level 5 in Ranged Weapons
  2089 | D:3      | 2089 ||| READING scroll labelled REHUCLU XAOTSE.
  2090 | D:3      | 2090 ||| READING scroll labelled PUEFYO MEDO MATO.
  2125 | D:4      | 2125 ||| STAIRDANCE
  2212 | D:4      | Reached skill level 3 in Fighting
  2212 | D:4      | Reached XP level 5. HP: 45/45 MP: 5/5
  2356 | D:4      | Noticed a phantom
  2373 | D:4      | Killed a phantom
  2421 | D:4      | Reached skill level 6 in Ranged Weapons
  2517 | D:4      | Found an opulent altar of Gozag.
  2564 | D:4      | Found a runed translucent door.
  2570 | D:4      | Noticed qw's ghost (amateur GrHs)
  2689 | D:4      | 2689 ||| READING 2 scrolls of identify.
  2689 | D:4      | 2689 ||| IDENTIFYING yellow potion
  2690 | D:4      | 2690 ||| DROPPING potion of ambrosia.
  2708 | D:5      | Entered Level 5 of the Dungeon
  2711 | D:5      | Noticed an ogre
  2720 | D:5      | 2720 ||| STAIRDANCE
  2723 | D:4      | Killed an ogre
  2724 | D:4      | Reached XP level 6. HP: 18/52 MP: 6/6
  2907 | D:5      | HP: 9/52 [black bear (5)]
  2913 | D:5      | HP: 6/52 [orc/+0 club (2)]
  2914 | D:5      | HP: 2/52 [orc/+0 club (2)]
  2917 | D:5      | Slain by an orc wizard

Levels and vault maps discovered:
D:1:      erik_arrival_orb_chamber, layout_rooms, serial_bayou_pond_d,
          minmay_heptomino_d4
D:2:      layout_basic, basic_altar, grunt_ministairs_15
D:3:      layout_loops_ring, nicolae_sif_muna_little_library, serial_shops,
          nicolae_shop_advertising_works [nicolae_subvault_shop_adworks],
          uniq_robin, uniq_jessica
D:4:      layout_cave_pools, mainiacjoe_overflow_alcove_4,
          ebering_ghost_sewer_d, grunt_decor_clamped
D:5:      layout_cave_pools, gammafunk_ghost_split,
          minmay_hollow_rounded_squares, uniq_crazy_yiuf_cottage

Skill      XL: |  1  2  3  4  5 |
---------------+----------------+-----
Ranged Weapons | 3 4 5 6 |  6.9
Fighting       | 2 3 4 |  4.3
Armour         | 1 |  1.0
Dodging        | |  2.1
Spellcasting   | |  1.0
Hexes          | |  2.0

Action                     |  1- 3 |  4- 6 || total
---------------------------+-------+-------++-------
   Fire: Sling             |   107 |       ||   107
         Shortbow          |    20 |   146 ||   166
    Use: Scroll            |     8 |     3 ||    11
 Armour: Robe              |     3 |       ||     3
         Ring mail         |    15 |    27 ||    42
  Dodge: Dodged            |    34 |    65 ||    99

Table legend:
 A = Non-vault XP
 B = Vault XP
 C = Vault XP percentage of total XP
 D = Non-vault monster count
 E = Vault monster count
 F = Vault count percentage of total count
                 A         B        C        D         E       F
            +---------+---------+-------+---------+---------+-------
      Total |     565 |      82 |  12.7 |      66 |      12 |  15.4
            +---------+---------+-------+---------+---------+-------
        D:1 |      28 |       4 |  12.5 |      15 |       2 |  11.8
        D:2 |      32 |      15 |  31.9 |      18 |       2 |  10.0
        D:3 |      29 |      63 |  68.5 |      10 |       8 |  44.4
        D:4 |     274 |       0 |   0.0 |      14 |       0 |   0.0
        D:5 |     202 |       0 |   0.0 |       9 |       0 |   0.0
            +---------+---------+-------+---------+---------+-------
